 Dungeon Crawl Stone Soup version 0.17.0-9-g801d43b (webtiles) character file.

1433747 Medar the Metallomancer (level 26, 204/204 HPs)
             Began as a Vampire Earth Elementalist on Nov 7, 2015.
             Was the Champion of Sif Muna.
             Escaped with the Orb
             ... and 3 runes on Nov 9, 2015!
             The game lasted 07:00:20 (100518 turns).

Medar the Metallomancer (VpEE)                    Turns: 100518, Time: 07:00:20

Health: 204/204    AC: 29    Str: 19    XL:     26   Next: 84%
Magic:  28/43      EV: 31    Int: 37    God:    Sif Muna [******]
Gold:   3523       SH:  9    Dex: 22    Spells: 10 memorised, 6 levels left

rFire  + + .     SeeInvis +     b - staff of earth
rCold  + . .     Clarity  .     G - +4 ring mail of Xihuifiej {Str+4 Dex+6 Stlth+}
rNeg   + + +     SustAt   .     q - +3 buckler {reflect}
rPois  +         Gourm    .     X - +2 hat {Int+3}
rElec  .         Spirit   .     O - +2 cloak {MR+}
rCorr  .         Warding  +     P - +2 pair of gloves {Str+3}
rMut   .         Stasis   .     D - +2 pair of boots
MR     +++..                    j - brooch of Shielding {Ward rN+ AC+4 EV+4}
Stlth  ++........               R - ring "Vunior" {rF++ Int+4}
                                o - +5 ring of strength

@: regenerating slowly, extremely resistant to hostile enchantments, unstealthy
A: fangs 3, molten scales 1, see invisible, clever 1, unbreathing
a: Bat Form, Channel Energy, Forget Spell, Renounce Religion
0: Orb of Zot
}: 3/15 runes: decaying, slimy, gossamer


You escaped.
You worshipped Sif Muna.
Sif Muna was exalted by your worship.
You were very thirsty.

You visited 11 branches of the dungeon, and saw 59 of its levels.
You also visited: Labyrinth and Ice Cave.

You collected 9884 gold pieces.
You spent 6361 gold pieces at shops.

Inventory:

Hand Weapons
 a - the +10 broad axe of the Last Deaths {vamp, +Blink rF+++ rN++ Int-3}
   (You found it on level 8 of the Lair of Beasts)

   It inflicts no extra harm, but heals its wielder somewhat when it strikes a
   living foe.
   It affects your intelligence (-3).
   It renders you almost immune to fire.
   It greatly protects you from negative energy.
   It lets you blink.
 r - a +3 broad axe of venom
Missiles
 p - 4 throwing nets {=f =F}
Armour
 q - a +3 buckler of reflection (worn)
 D - a +2 pair of boots (worn)
 G - the +4 ring mail of Xihuifiej (worn) {Str+4 Dex+6 Stlth+}
   (You found it on level 6 of the Pits of Slime)

   It affects your strength (+4).
   It affects your dexterity (+6).
   It makes you more stealthy.
 O - a +2 cloak of magic resistance (worn)
 P - a +2 pair of gloves of strength (worn)
 V - the +3 leather armour of Wuwas {rC+ rCorr Int+4}
   (You took it off a deep elf demonologist on level 3 of the Elven Halls)

   It affects your intelligence (+4).
   It protects you from cold.
   It protects you from acid and corrosion.
 X - a +2 hat of intelligence (worn)
Magical Staves
 b - an uncursed staff of earth (weapon)
 N - an uncursed staff of wizardry {!a}
Jewellery
 j - the brooch of Shielding (around neck) {Ward rN+ AC+4 EV+4}
   (You found it on level 3 of the Depths)

   [amulet of warding]

   It may prevent the melee attacks of summoned creatures.
   It affects your AC (+4).
   It affects your evasion (+4).
   It protects you from negative energy.
 o - a +5 ring of strength (left hand)
 y - an uncursed amulet of clarity
 z - the ring "Salitag" {+/*Tele rElec rPois rC++}
   (You took it off an orc on level 4 of the Orcish Mines)

   [ring of teleportation]

   It may teleport you to nearby monsters, and can be evoked to randomly
   teleport.
   It greatly protects you from cold.
   It insulates you from electricity.
   It protects you from poison.
 R - the ring "Vunior" (right hand) {rF++ Int+4}
   (You bought it in a shop on level 3 of the Orcish Mines)

   [ring of intelligence]

   It affects your intelligence (+4).
   It greatly protects you from fire.
 W - an uncursed amulet of resist mutation
 Y - a cursed ring of teleportation
Wands
 d - a wand of teleportation (0)
 E - a wand of teleportation (7)
 F - a wand of disintegration (7)
 Q - a wand of digging (11)
 T - a wand of hasting (2)
 Z - a wand of invisibility (3)
Scrolls
 f - 2 scrolls of teleportation
 i - 21 scrolls of remove curse {@r1}
 m - a scroll of torment {!r}
 w - 5 scrolls of fear
 x - 3 scrolls of magic mapping {@r3}
 A - 3 scrolls of recharging
 B - 6 scrolls of blinking
 C - 7 scrolls of vulnerability
 J - 7 scrolls of amnesia
 K - a scroll of summoning
 L - 3 scrolls of identify {@r2}
 U - 7 scrolls of fog
Potions
 c - 2 potions of agility
 e - 16 potions of curing {@q1}
 g - 4 potions of heal wounds
 h - 14 potions of might
 k - 7 potions of flight
 l - 3 potions of blood {@q3}
 n - 3 potions of berserk rage {!q}
 s - 4 potions of magic
 t - 3 potions of brilliance
 u - a potion of invisibility
 v - 3 potions of cancellation
 H - 8 potions of ambrosia
 M - a potion of haste
 S - 3 potions of resistance
Miscellaneous
 I - a phantom mirror


   Skills:
 + Level 16.0 Fighting
   Level 1.8 Short Blades
 - Level 16.4 Axes
 + Level 12.7 Armour
 + Level 16.7 Dodging
 - Level 6.1 Stealth
 - Level 4.0 Shields
 - Level 16.0 Spellcasting
 - Level 13.3 Conjurations
 - Level 2.0 Hexes
 - Level 8.0 Charms
 - Level 6.6 Translocations
 - Level 6.0 Transmutations
 - Level 1.0 Fire Magic
 - Level 7.5 Air Magic
 - Level 21.7 Earth Magic
 + Level 9.8 Invocations


You had 6 spell levels left.
You knew the following spells:

 Your Spells              Type           Power        Failure   Level  Hunger
b - Bolt of Magma         Conj/Fire/Erth ########..   1%          5    None
c - Lehudib's Crystal Sp  Conj/Erth      ########..   10%         8    #####..
n - Irradiate             Conj/Trmt      #######...   1%          5    None
r - Deflect Missiles      Chrm/Air       #####.....   12%         6    None
s - Petrify               Trmt/Erth      ########     1%          4    None
t - Phase Shift           Tloc           ######....   3%          5    None
v - Lee's Rapid Deconstr  Erth           ########..   0%          5    None
w - Blink                 Tloc           N/A          1%          2    None
x - Iron Shot             Conj/Erth      ########..   1%          6    None
O - Silence               Hex/Air        ####......   10%         5    None


Dungeon Overview and Level Annotations

Branches:
Dungeon (15/15)            Temple (1/1) D:4            Lair (8/8) D:9
  Swamp (4/4) Lair:5       Spider (4/4) Lair:4        Slime (6/6) Lair:6
    Orc (4/4) D:10            Elf (3/3) Orc:3        Vaults (4/5) D:13
  Crypt (0/3) Vaults:3     Depths (5/5) D:15            Zot (5/5) Depths:5

Altars:
Ashenzari
Cheibriados
Dithmenos
Elyvilon
Fedhas
Gozag
Kikubaaqudgha
Makhleb
Nemelex Xobeh
Okawaru
Qazlal
Ru
Sif Muna
Trog
Vehumet
Xom
Yredelemnul
Zin
The Shining One
Beogh
Jiyva

Shops:
D:4 }   D:7 *!(}%   D:10 [   D:12 :   Orc:3 =   Orc:4 !:?[   Elf:1 (   Elf:2 *=
Elf:3 *   Vaults:1 %   Vaults:4 ?}   Depths:2 :   Depths:4 ([*

Portals:
Hell: Depths:2 Depths:3 Depths:4 Depths:5
Abyss: Depths:4 Depths:5
Pandemonium: Orc:4 Depths:1 Depths:3 Depths:4
Ziggurat: Depths:3
Trove: D:15 (show slimy rune of Zot)

Annotations:
D:15 1 runed door
Swamp:4 Lernaean hydra; Noname's ghost, adept NaFE
Elf:2 3 runed doors
Depths:1 1 exclusion


Innate Abilities, Weirdness & Mutations

You heal slowly.
You have razor-sharp teeth.
You have supernaturally acute eyesight.
You can survive without breathing.
You are partially covered in molten scales (AC +1).
Your mind is acute. (Int +2)


Message History

Casting: Lehudib's Crystal Spear
Confirm with . or Enter, or press ? or * to list all spells.
Aiming: Lehudib's Crystal Spear
Press: ? - help, Shift-Dir - straight line, f - Ice Fiend
Aim: an Ice Fiend You feel a surge of power!
The crystal spear hits the Ice Fiend.
The Ice Fiend is heavily wounded.
You hear a grinding noise.
Casting: Lehudib's Crystal Spear
Confirm with . or Enter, or press ? or * to list all spells.
Aiming: Lehudib's Crystal Spear
Press: ? - help, Shift-Dir - straight line, f/p - Ice Fiend
Aim: an Ice Fiend (heavily wounded)
You feel a surge of power!
The crystal spear hits the Ice Fiend.
You kill the Ice Fiend!
A rust devil comes into view.
You hear a grinding noise.
There is a staircase leading out of the dungeon here.
The rust devil screeches!
You have escaped!

#..P.P..# #.##.#
##.P#≈#P.# #.##.#
#..##≈##.## #.##.# #
#####..≈≈≈≈≈..###.##.#####
#......##≈##......##......
#......P#≈#P4####.######..
#..##...P.P..# #.######..
#..###.......# #.........
#..# #...@...# #..####...
#..# #.......## #..# #.#.
#..# #..P.P...# #..# #.#.
#..# #[P#≈#P..###..####.##
#..# #.##≈##.........)..#
#..# #.≈≈≈≈≈.####..######
#####..# #.##≈##.# #..#
#......# #.P#≈#P.#
#..####### #.####.#
#..P.P..# #.........


You could see a rust devil.

Vanquished Creatures
  the royal jelly (Slime:6)
  5 orbs of fire (Zot:5)
  4 ancient liches (Zot:5)
  Mara (Depths:3)
  A juggernaut (Depths:3)
  A curse toe (Zot:3)
  2 Killer Klowns (Zot:5)
  Nikola (Spider:3)
  7 golden dragons
  4 electric golems
  3 liches
  Jorgrun (Swamp:3)
  11 tentacled monstrosities
  Rupert (D:14)
  3 Ice Fiends
  22 Orb Guardians
  Asterion (Depths:2)
  2 titans (Depths:3)
  A deep elf blademaster (Elf:3)
  32 acid blobs
  A quicksilver dragon (Depths:3)
  4 sphinxes
  5 death cobs
  2 octopode crushers
  3 thorn hunters
  Agnes (D:14)
  Frances (D:13)
  Kirke (Swamp:1)
  2 shadow dragons
  2 tengu reavers
  10 storm dragons
  2 draconian monks (Zot:3)
  Wiglaf (Spider:3)
  10 fire giants
  10 azure jellies
  2 orc warlords (Orc:4)
  6 deep elf sorcerers
  Maud (Orc:3)
  11 ghost moths
  6 draconian knights
  7 emperor scorpions
  11 frost giants
  5 vault wardens
  A draconian zealot (Zot:4)
  Aizul (Swamp:3)
  Louise (Swamp:1)
  3 draconian scorchers
  3 draconian shifters
  6 ironheart preservers
  A balrug (D:15)
  4 draconian annihilators
  6 very ugly things
  2 spriggan defenders
  2 draconian callers
  A war gargoyle (Vaults:4)
  4 vampire knights
  30 stone giants
  21 yellow draconians
  10 deep elf demonologists (Elf:3)
  8 deep elf annihilators (Elf:3)
  3 purple draconians
  8 black draconians
  3 green draconians
  8 mottled draconians
  9 white draconians
  A dire elephant (D:15)
  8 red draconians
  Snorg (Orc:3)
  9 death oozes
  A merfolk javelineer (Depths:4)
  2 crystal guardians (D:14)
  9 deep elf death magi (Elf:3)
  A minotaur (Lab)
  A green death (D:12)
  5 ettins
  4 vault guards
  17 fire dragons
  2 deep elf high priests
  11 yaktaur captains
  An ice dragon (shapeshifter) (Depths:3)
  Fannar (D:10)
  14 ice dragons
  14 great orbs of eyes
  10 entropy weavers
  Harold (D:11)
  28 hydras
  5 spriggan air magi
  9 centaur warriors
  A hydra (shapeshifter) (D:9)
  A rakshasa (Depths:2)
  7 deep troll shamans
  2 dancing weapons (Elf:2)
  The ghost of Rayvis the Fighter, a novice MiFi (D:11)
  2 death knights (Vaults:3)
  13 ogre magi
  An anaconda (shapeshifter) (Depths:2)
  7 tengu warriors
  5 deep troll earth magi
  7 spriggan berserkers
  A vampire mage (Depths:2)
  7 orc high priests
  Urug (Lair:4)
  5 alligators
  12 hell knights
  6 sun demons
  Sonja (D:14)
  Nergalle (D:10)
  14 deep elf knights
  A fire crab (Vaults:2)
  4 shadow wraiths
  5 iron trolls
  A shadow demon (Depths:4)
  15 deep trolls
  3 ice devils (IceCv)
  4 unseen horrors
  13 skeletal warriors
  An infernal demonspawn (Orc:4)
  8 deep elf summoners
  2 gelid demonspawn (Orc:4)
  6 giant orange brains
  A putrid demonspawn (Depths:4)
  A phantasmal warrior (Vaults:2)
  2 swamp dragons
  6 hill giants
  6 harpies (Vaults:4)
  2 orange crystal statues
  4 flayed ghosts
  2 shambling mangroves
  2 lindwurms (shapeshifter)
  33 wolf spiders
  14 deep elf conjurers
  3 wizards
  12 hornets
  4 necromancers
  18 orc knights
  15 orb spiders
  62 ugly things
  A salamander (Depths:1)
  13 ironbrand convokers
  7 shining eyes
  4 griffons
  2 oklob plants (Zot:3)
  8 orc sorcerers
  5 sixfirhies
  21 moths of wrath
  5 cyclopes
  5 black mambas
  3 centaur zombies
  2 guardian serpents (Depths:4)
  7 vault sentinels
  3 elephants
  A frost giant skeleton (Depths:3)
  Maurice (D:8)
  4 ice statues (IceCv)
  3 rust devils (Depths:4)
  18 spiny frogs
  A torpor snail (Lair:5)
  An octopode (shapeshifter) (Vaults:3)
  2 gargoyles
  A black mamba (shapeshifter) (Vaults:4)
  6 kobold demonologists
  18 komodo dragons
  50 yaktaurs
  A spriggan zombie (Depths:3)
  5 spectral swamp worms (Depths:5)
  3 fire drakes
  4 tengu conjurers
  18 demonic crawlers
  14 deep elf priests
  2 freezing wraiths
  A queen bee (D:11)
  4 red devils
  2 spriggan druids
  A golden dragon simulacrum (IceCv)
  6 polar bears
  8 trolls
  9 blue devils
  43 blink frogs
  3 giant leeches
  A raiju (shapeshifter) (Depths:1)
  Grinder (D:6)
  A polar bear (shapeshifter) (Vaults:2)
  3 anaconda simulacra (IceCv)
  61 slime creatures
  27 jumping spiders
  10 two-headed ogres
  7 bog bodies
  4 boulder beetles
  A troll (shapeshifter) (Vaults:4)
  42 redbacks
  A frost giant simulacrum (Vaults:2)
  3 shadows
  10 air elementals
  6 water elementals
  A human (shapeshifter) (Vaults:1)
  14 tarantellas
  19 spriggans
  2 wraiths
  2 wyverns
  15 deep elf magi
  26 trapdoor spiders
  A dire elephant simulacrum (IceCv)
  6 basilisks
  26 deep elf fighters
  72 yaks
  5 golden eyes (Slime:6)
  2 hogs (Lair:5)
  3 mottled dragons
  9 hippogriffs
  39 wolves
  A ynoxinul (Orc:4)
  2 hungry ghosts (D:12)
  35 vampire mosquitoes
  15 wargs
  A neqoxec (D:5)
  18 swamp worms
  A harpy simulacrum (IceCv)
  5 insubstantial wisps
  A soldier ant (shapeshifter) (Elf:1)
  3 sky beasts
  18 water moccasins
  2 black bears (shapeshifter)
  4 hydra simulacra (IceCv)
  62 orc warriors
  49 ogres
  8 black bears
  5 ice beasts
  25 spiders
  18 swamp drakes
  12 porcupines
  3 boggarts (Vaults:3)
  12 eyes of draining
  An eye of draining (shapeshifter) (D:15)
  17 crocodiles
  A necrophage (D:11)
  An ettin simulacrum (Vaults:4)
  20 wasps
  15 centaurs
  5 big kobolds
  A brain worm (D:12)
  A brain worm (shapeshifter) (Depths:3)
  Blork the orc (D:6)
  18 giant frogs
  A glowing shapeshifter simulacrum (Depths:3)
  4 scorpions
  9 wights
  40 killer bees
  A vampire bat (D:6)
  An electric eel (Spider:1)
  2 giant frog zombies
  9 hounds
  7 centaur skeletons
  10 crimson imps
  48 jellies
  A hound (shapeshifter) (Vaults:2)
  35 orc priests
  17 iguanas
  A quasit (D:11)
  15 worker ants
  3 giant frog skeletons
  46 orc wizards
  31 sheep
  A hound zombie (D:7)
  A worker ant zombie (D:8)
  A hound skeleton (D:8)
  A gnoll (D:1)
  17 adders
  74 river rats
  5 shadow imps
  13 white imps
  3 giant eyeballs (Depths:3)
  2 adder skeletons
  2 worms
  5 giant geckos
  251 orcs
  A ball python (D:2)
  6 giant cockroaches
  8 hobgoblins
  15 jackals
  19 kobolds
  16 bats
  A giant gecko zombie (D:6)
  4 giant newts
  11 goblins
  5 quokkas
  A quokka skeleton (D:9)
  5 rats
  3 fungi
  A spectral weapon (Depths:2)
2713 creatures vanquished.

Vanquished Creatures (collateral kills)
  A redback (Spider:1)
1 creature vanquished.

Vanquished Creatures (others)
  A storm dragon (Zot:3)
  A draconian scorcher (Zot:4)
  A draconian annihilator (Zot:3)
  A black draconian (Zot:3)
  A deep elf high priest (Elf:3)
  An ice dragon (Zot:4)
  A demonic crawler (Spider:3)
  A giant leech (Swamp:4)
  A swamp worm (Swamp:2)
  A wasp (Spider:4)
  64 fungi
  18 plants
92 creatures vanquished.

Grand Total: 2806 creatures vanquished

Notes
Turn   | Place    | Note
--------------------------------------------------------------
     0 | D:1      | Medar the Vampire Earth Elementalist began the quest for the Orb.
     0 | D:1      | Reached XP level 1. HP: 13/13 MP: 3/3
    98 | D:2      | Reached XP level 2. HP: 10/19 MP: 0/5
   688 | D:1      | Reached skill level 4 in Earth Magic
   973 | D:1      | Reached XP level 3. HP: 24/24 MP: 0/6
  1158 | D:1      | Learned a level 3 spell: Stone Arrow
  1750 | D:2      | Reached skill level 5 in Earth Magic
  1750 | D:2      | Reached XP level 4. HP: 30/30 MP: 5/7
  1828 | D:2      | Learned a level 2 spell: Stoneskin
  2851 | D:3      | Reached XP level 5. HP: 28/35 MP: 0/8
  3783 | D:4      | Reached skill level 1 in Conjurations
  3792 | D:4      | Reached XP level 6. HP: 19/41 MP: 0/10
  4212 | D:4      | Found a staircase to the Ecumenical Temple.
  4219 | Temple   | Entered the Ecumenical Temple
  4410 | Temple   | Became a worshipper of Sif Muna the Loreminder
  4448 | D:4      | Found Xuicotio's Gadget Shoppe.
  4742 | D:4      | Found a glowing golden altar of the Shining One.
  5072 | D:4      | Reached skill level 1 in Short Blades
  5072 | D:4      | Reached skill level 6 in Earth Magic
  5075 | D:4      | Reached XP level 7. HP: 47/47 MP: 1/11
  5288 | D:5      | Entered Level 5 of the Dungeon
  5337 | D:5      | Reached skill level 1 in Fighting
  5374 | D:5      | Found a shimmering altar of Xom.
  5382 | D:5      | Learned a level 5 spell: Lee's Rapid Deconstruction
  5428 | D:5      | Reached * piety under Sif Muna
  5651 | D:5      | Reached skill level 7 in Earth Magic
  5845 | D:5      | Reached skill level 8 in Earth Magic
  5845 | D:5      | Reached XP level 8. HP: 43/54 MP: 6/12
  6022 | D:5      | Found an opulent altar of Gozag.
  6240 | D:6      | Reached ** piety under Sif Muna
  6380 | D:6      | Reached skill level 9 in Earth Magic
  6473 | D:6      | Noticed Grinder
  6488 | D:6      | Killed Grinder
  6768 | D:6      | Found a sacrificial altar of Ru.
  6794 | D:6      | Reached skill level 10 in Earth Magic
  6871 | D:6      | Noticed Blork the orc
  6875 | D:6      | Killed Blork the orc
  6882 | D:6      | Found a shattered altar of Ashenzari.
  7104 | D:6      | Reached *** piety under Sif Muna
  7126 | D:6      | Reached XP level 9. HP: 45/59 MP: 7/14
  7589 | D:7      | Identified a +0 rod of destruction (14/14) (You found it on level 7 of the Dungeon)
  7599 | D:7      | Found Kytzuguy's Food Shop.
  7617 | D:7      | Found Gaopt's Gadget Shoppe.
  7621 | D:7      | Found Omeufach's Distillery.
  7632 | D:7      | Bought a potion of magic for 88 gold pieces
  7632 | D:7      | Bought a potion of berserk rage for 55 gold pieces
  7691 | D:7      | Found Cenuff's Antique Weapon Shop.
  7729 | D:7      | Found an iron altar of Okawaru.
  7761 | D:7      | Reached **** piety under Sif Muna
  7832 | D:7      | Found Suqoid's Assorted Antiques.
  7839 | D:7      | Bought a fine platinum ring for 150 gold pieces
  7840 | D:7      | Identified the ring "Gautahi" {rN+ SInv} (You bought it in a shop on level 7 of the Dungeon)
  8014 | D:7      | Bought a smoky pink potion for 27 gold pieces
  8014 | D:7      | Bought a scroll labeled NIG HESINTOUL for 30 gold pieces
  8052 | D:8      | Noticed Maurice
  8060 | D:8      | Killed Maurice
  8060 | D:8      | Reached skill level 5 in Spellcasting
  8199 | D:8      | Reached skill level 11 in Earth Magic
  8287 | D:8      | Reached ***** piety under Sif Muna
  8287 | D:8      | Reached skill level 5 in Conjurations
  8810 | D:8      | Reached XP level 10. HP: 65/65 MP: 10/18
  9283 | D:8      | Found a white marble altar of Elyvilon.
  9283 | D:8      | Found a shattered altar of Ashenzari.
  9846 | D:9      | Found a snail-covered altar of Cheibriados.
  9917 | D:9      | Noticed an anubis guard
  9917 | D:9      | a jumping spider changed into an anubis guard
  9941 | D:9      | Reached skill level 1 in Invocations
  9964 | D:9      | Found a shadowy altar of Dithmenos.
 10141 | D:9      | Found a staircase to the Lair.
 10339 | D:9      | Learned a level 5 spell: Irradiate
 10342 | Lair:1   | Entered Level 1 of the Lair of Beasts
 10595 | D:10     | Entered Level 10 of the Dungeon
 10627 | D:10     | Noticed an unseen horror
 10632 | D:10     | Killed an unseen horror
 10680 | D:10     | Found Ysurof's Armour Shop.
 10682 | D:10     | Found a staircase to the Orcish Mines.
 11025 | D:9      | Noticed a death drake
 11260 | D:9      | Noticed an entropy weaver
 11305 | D:9      | Noticed a dire elephant
 11369 | D:10     | Noticed a cyclops
 11446 | D:9      | Noticed a catoblepas
 11560 | D:9      | Noticed a six-headed hydra
 11573 | D:9      | Killed a six-headed hydra
 11573 | D:9      | Reached ****** piety under Sif Muna
 11573 | D:9      | Reached XP level 11. HP: 75/75 MP: 5/21
 11716 | D:10     | Noticed Fannar
 11732 | D:10     | Killed Fannar
 11732 | D:10     | Received a gift from Sif Muna
 11735 | D:10     | Identified Sif Muna's Handbook of the Rocks and Transmutation (Sif Muna gifted it to you on level 10 of the Dungeon)
 12039 | D:10     | Identified a +1 rod of shadows (5/10) {!a} (You took it off an orc warrior on level 10 of the Dungeon)
 12192 | D:10     | Bought a +0 helmet for 58 gold pieces
 12387 | D:9      | Learned a level 4 spell: Petrify
 12424 | Lair:1   | Reached skill level 5 in Transmutations
 13127 | Lair:1   | Noticed a black mamba
 13135 | Lair:1   | Killed a black mamba
 13989 | Lair:2   | Noticed an eight-headed hydra
 14094 | Lair:2   | Killed an eight-headed hydra
 14126 | Lair:2   | Reached skill level 12 in Earth Magic
 14152 | Lair:2   | Noticed a seven-headed hydra
 14157 | Lair:2   | Killed a seven-headed hydra
 14157 | Lair:2   | Received a gift from Sif Muna
 14160 | Lair:2   | Identified Sif Muna's Handbook of Moulding (Sif Muna gifted it to you on level 2 of the Lair of Beasts)
 14382 | Lair:2   | Reached XP level 12. HP: 81/81 MP: 9/22
 15030 | Lair:3   | Noticed a four-headed hydra
 15062 | Lair:3   | Got a transparent hunting sling
 15063 | Lair:3   | Identified the +6 hunting sling of Tenacity {velocity, Dex+4} (You found it on level 3 of the Lair of Beasts)
 15483 | Lair:3   | Reached skill level 13 in Earth Magic
 16439 | Lair:3   | Identified the Compendium of Curses
 16588 | Lair:3   | Received a gift from Sif Muna
 16599 | Lair:3   | Learned a level 2 spell: Blink
 16636 | Lair:3   | You fall through a shaft for 2 floors!
 16643 | Lair:5   | Found a staircase to the Swamp.
 16669 | Lair:3   | Killed a four-headed hydra
 16739 | Lair:4   | Found a labyrinth entrance.
 16768 | Lab      | Entered a labyrinth
 16909 | Lab      | Noticed a minotaur
 16921 | Lab      | Killed a minotaur
 16924 | Lab      | Got a translucent glaive {freeze}
 16929 | Lab      | Identified the +6 glaive of Daumiw {freeze, *Contam Int+2 Dex+6} (You took it off a minotaur in a labyrinth)
 16935 | Lab      | Identified Heji's Almanac of Calling and Snow
 17147 | Lair:4   | Noticed Urug
 17532 | Lair:4   | Reached skill level 1 in Armour
 19193 | Lair:4   | Killed Urug
 19288 | Lair:4   | Reached XP level 13. HP: 82/86 MP: 3/24
 20182 | Lair:4   | Found a hole to the Spider Nest.
 20326 | Lair:4   | Reached skill level 14 in Earth Magic
 20587 | Lair:4   | Received a gift from Sif Muna
 21496 | Lair:6   | Reached skill level 5 in Invocations
 21795 | Lair:6   | Found a viscous altar of Jiyva.
 21795 | Lair:6   | Found a staircase to the Slime Pits.
 22223 | Lair:6   | Got a polished scimitar
 22224 | Lair:6   | Identified the +9 scimitar of the Thirteen Orbs {slice, rPois Str-5 Dex+5} (You found it on level 6 of the Lair of Beasts)
 22292 | Lair:6   | Gained mutation: Your mind is acute. (Int +2) [mutagenic glow]
 22654 | Lair:7   | Reached skill level 5 in Dodging
 24118 | Lair:8   | Entered Level 8 of the Lair of Beasts
 24273 | Lair:7   | Reached skill level 5 in Fighting
 24273 | Lair:7   | Reached XP level 14. HP: 96/98 MP: 17/27
 25172 | Lair:7   | Reached skill level 5 in Stealth
 25551 | Lair:8   | Got an ivory broad axe
 25552 | Lair:8   | Identified the +10 broad axe of the Last Deaths {vamp, +Blink rF+++ rN++ Int-3} (You found it on level 8 of the Lair of Beasts)
 25640 | Lair:8   | Reached skill level 1 in Axes
 26510 | Lair:8   | Reached skill level 5 in Axes
 27128 | Orc:1    | Entered Level 1 of the Orcish Mines
 27984 | Orc:3    | Noticed Maud
 28984 | Orc:3    | Found Dutei's Jewellery Shop.
 28986 | Orc:3    | Found a staircase to the Elven Halls.
 29355 | Orc:3    | Noticed Snorg
 29382 | Orc:3    | Killed Snorg
 29527 | Orc:3    | Killed Maud
 29774 | Orc:4    | Entered Level 4 of the Orcish Mines
 30098 | Orc:4    | Found Acriupse's Distillery.
 30526 | Orc:4    | Found a roughly hewn altar of Beogh.
 30892 | Orc:4    | Noticed an orc warlord
 31087 | Orc:4    | Reached XP level 15. HP: 105/105 MP: 2/28
 31324 | Orc:3    | Upgraded the game from 0.17.0-1-g61d176b to 0.17.0-7-gfadd4cc
 31389 | D:10     | Killed a cyclops
 31440 | D:7      | Bought 2 potions of magic for 176 gold pieces
 31440 | D:7      | Bought a potion of curing for 33 gold pieces
 31440 | D:7      | Bought 2 potions of heal wounds for 110 gold pieces
 31440 | D:7      | Bought a potion of heal wounds for 55 gold pieces
 31440 | D:7      | Bought a potion of magic for 88 gold pieces
 31473 | D:7      | Bought a scroll of blinking for 225 gold pieces
 31473 | D:7      | Bought a scroll of identify for 60 gold pieces
 31473 | D:7      | Bought a glowing short sword for 90 gold pieces
 31784 | D:10     | Noticed Nergalle
 32352 | D:4      | Bought a wand of disintegration (10) for 182 gold pieces
 32696 | D:11     | Noticed Rayvis's ghost (novice MiFi)
 32719 | D:11     | Killed Rayvis's ghost
 32974 | D:11     | Noticed Harold
 32989 | D:11     | Killed Harold
 33321 | D:11     | Identified Lehudib's Volume of Confrontation
 33789 | D:12     | Found Olas's Book Shoppe.
 34051 | D:12     | Found a blossoming altar of Fedhas.
 34420 | D:13     | Reached skill level 15 in Earth Magic
 34504 | D:13     | Found a gate to the Vaults.
 34559 | D:13     | Noticed Frances
 34571 | D:13     | Killed Frances
 34632 | D:13     | Got a dazzling whip {venom}
 35409 | D:14     | Found a runed door.
 35410 | D:14     | Reached skill level 10 in Axes
 35413 | D:14     | Noticed Rupert
 35475 | D:14     | Noticed Agnes
 35568 | D:14     | Killed Rupert
 35679 | D:14     | Got an ancient broad axe
 35694 | D:14     | Learned a level 6 spell: Iron Shot
 35700 | D:14     | Learned a level 5 spell: Bolt of Magma
 35727 | D:14     | Identified the +1 broad axe "Giwannis" {vamp, rElec Str+4} (You found it on level 14 of the Dungeon)
 35762 | D:14     | Found a white marble altar of Elyvilon.
 35804 | D:14     | Noticed Sonja
 35808 | D:14     | Killed Sonja
 35808 | D:14     | Received a gift from Sif Muna
 35811 | D:14     | Identified Lehudib's Collected Works on Cloudy Attacks (Sif Muna gifted it to you on level 14 of the Dungeon)
 36864 | Orc:4    | Killed an orc warlord
 36986 | Orc:4    | Noticed an orc warlord
 37144 | Orc:4    | Killed an orc warlord
 37384 | Orc:4    | Got a shimmering granite ring
 37386 | Orc:4    | Identified the ring "Salitag" {+/*Tele rElec rPois rC++} (You took it off an orc on level 4 of the Orcish Mines)
 37546 | Orc:4    | Got a crude short sword
 37673 | Orc:4    | Found Jyatt's Magic Scroll Shop.
 38009 | Orc:4    | Reached skill level 10 in Spellcasting
 38069 | Orc:4    | Bought a scroll of fear for 52 gold pieces
 38071 | Orc:4    | Bought a potion of heal wounds for 55 gold pieces
 38071 | Orc:4    | Bought 2 potions of brilliance for 88 gold pieces
 38071 | Orc:4    | Bought a potion of brilliance for 44 gold pieces
 38692 | Orc:4    | Reached XP level 16. HP: 95/111 MP: 14/30
 38699 | Orc:4    | Reached skill level 10 in Conjurations
 39146 | Orc:4    | Found Ippao's Book Emporium.
 39146 | Orc:4    | Found Suam's Antique Armour Shoppe.
 39146 | Orc:4    | Found a one-way gate leading to the halls of Pandemonium.
 39150 | Orc:4    | Bought a polished hat for 306 gold pieces
 39150 | Orc:4    | Bought a pair of runed gloves for 153 gold pieces
 39160 | Orc:4    | Identified the +0 hat of Minor Irritation {+Blink} (You bought it in a shop on level 4 of the Orcish Mines)
 39203 | Orc:4    | Bought a bronze scale mail for 306 gold pieces
 39213 | Orc:4    | Identified the +5 scale mail "Adous" {Str+4 Slay+3} (You bought it in a shop on level 4 of the Orcish Mines)
 39281 | Orc:4    | Bought a glowing leather armour for 68 gold pieces
 39565 | Swamp:1  | Entered Level 1 of the Swamp
 39565 | Swamp:1  | Noticed Louise
 39614 | Swamp:1  | Killed Louise
 39652 | Swamp:1  | Noticed Kirke
 39959 | Lair:5   | Received a gift from Sif Muna
 39959 | Lair:5   | Reached skill level 16 in Earth Magic
 39962 | Lair:5   | Identified Sif Muna's Catalogue of Arcane Weapons and Displacement (Sif Muna gifted it to you on level 5 of the Lair of Beasts)
 40000 | Spider:1 | Entered Level 1 of the Spider Nest
 40423 | Spider:1 | Got a dazzling war axe
 41956 | Spider:3 | Noticed Wiglaf
 42014 | Spider:3 | Killed Wiglaf
 43875 | D:15     | Entered Level 15 of the Dungeon
 43961 | D:15     | Identified a +0 rod of destruction (9/9) (You found it on level 15 of the Dungeon)
 44617 | D:15     | Found a runed door.
 44617 | D:15     | Found a glowing silver altar of Zin.
 45034 | D:14     | Killed Agnes
 45168 | D:15     | Found a staircase to the Depths.
 45232 | D:15     | Found a portal to a secret trove of treasure.
 45690 | Spider:4 | Entered Level 4 of the Spider Nest
 45699 | Spider:3 | Received a gift from Sif Muna
 45702 | Spider:3 | Identified Sif Muna's Guide on Warped Ice (Sif Muna gifted it to you on level 3 of the Spider Nest)
 45751 | Spider:4 | Found a frozen archway.
 45986 | Spider:3 | Reached XP level 17. HP: 69/117 MP: 1/31
 46281 | IceCv    | Entered an ice cave
 46402 | IceCv    | Reached skill level 17 in Earth Magic
 47189 | IceCv    | Noticed an Ice Fiend
 47196 | IceCv    | Killed an Ice Fiend
 48122 | Swamp:1  | Killed Kirke
 48974 | Swamp:2  | Got a warped trident
 49973 | Swamp:3  | Noticed Aizul
 49980 | Swamp:3  | Noticed Jorgrun
 49980 | Swamp:3  | Killed Aizul
 50284 | Swamp:3  | Killed Jorgrun
 51131 | D:7      | Bought a wand of teleportation (6) for 420 gold pieces
 51512 | Swamp:4  | Entered Level 4 of the Swamp
 51542 | Swamp:4  | Received a gift from Sif Muna
 51543 | Swamp:4  | Identified Sif Muna's Grimoire of Arcane Weapons and Feathers (Sif Muna gifted it to you on level 4 of the Swamp)
 51546 | Swamp:4  | Noticed Noname's ghost (adept NaFE)
 52104 | Swamp:4  | Noticed the 27-headed Lernaean hydra
 52114 | Swamp:4  | Got a decaying rune of Zot
 53088 | D:4      | Bought a wand of teleportation (4) for 312 gold pieces
 53207 | D:7      | Bought a wand of teleportation for 360 gold pieces
 53395 | Orc:4    | Bought a scroll of identify for 30 gold pieces
 53395 | Orc:4    | Bought a scroll of identify for 30 gold pieces
 53395 | Orc:4    | Bought a scroll of identify for 30 gold pieces
 53648 | D:7      | Reached XP level 18. HP: 123/123 MP: 32/32
 54015 | Spider:2 | Reached skill level 18 in Earth Magic
 54170 | Spider:3 | Noticed Nikola
 54183 | Spider:3 | Killed Nikola
 54183 | Spider:3 | Reached XP level 19. HP: 118/128 MP: 31/33
 59017 | Spider:4 | Identified a +1 rod of destruction (14/14) (You found it on level 4 of the Spider Nest)
 59770 | Spider:4 | Received a gift from Sif Muna
 59777 | Spider:4 | Learned a level 2 spell: Cure Poison
 60538 | Spider:3 | Reached skill level 15 in Axes
 61415 | Vaults:1 | Entered Level 1 of the Vaults
 61417 | Vaults:1 | Reached skill level 19 in Earth Magic
 62378 | Spider:4 | Got a gossamer rune of Zot
 62490 | Spider:4 | Upgraded the game from 0.17.0-7-gfadd4cc to 0.17.0-9-g801d43b
 62809 | Elf:1    | Entered Level 1 of the Elven Halls
 62947 | Elf:1    | Found Maoh's Weapon Shoppe.
 62956 | Elf:1    | Reached skill level 1 in Shields
 63848 | Elf:1    | Got a bloodstained blowgun
 64302 | Elf:2    | Found Asir Fugi's Jewellery Shoppe.
 64573 | Elf:2    | Found a huge runed gate.
 64573 | Elf:2    | Found a huge runed gate.
 64574 | Elf:2    | Found a huge runed gate.
 64620 | Elf:2    | Found Iheow's Assorted Antiques.
 64745 | Elf:3    | Entered Level 3 of the Elven Halls
 64760 | Elf:3    | Got a transparent marble ring
 64762 | Elf:3    | Identified the ring of Doubt {Str+3 Stlth-} (You found it on level 3 of the Elven Halls)
 65047 | Elf:3    | Found Loseir's Assorted Antiques.
 65100 | Elf:3    | Reached XP level 20. HP: 135/135 MP: 22/34
 65929 | Elf:3    | Got a translucent war axe {chop}
 66426 | Elf:3    | Got a warped leather armour
 66440 | Elf:3    | Identified the +3 leather armour of Wuwas {rC+ rCorr Int+4} (You took it off a deep elf demonologist on level 3 of the Elven Halls)
 66640 | Elf:3    | Received a gift from Sif Muna
 66647 | Elf:3    | Identified Sif Muna's Catalogue of Confrontation (Sif Muna gifted it to you on level 3 of the Elven Halls)
 66699 | Elf:3    | Reached skill level 20 in Earth Magic
 66793 | Elf:3    | Got a distressingly furry scale mail
 66805 | Elf:3    | Identified the +5 scale mail "Woot" {rF+ rC- Regen+ MP+9} (You found it on level 3 of the Elven Halls)
 66959 | Elf:3    | Got a distressingly furry shield
 66980 | Elf:3    | Identified the +4 shield "Qoawiet" {rCorr Int-2 Slay+3 SInv} (You took it off a deep elf death mage on level 3 of the Elven Halls)
 66999 | Elf:3    | Identified a +4 rod of inaccuracy (9/9) {!a} (You took it off a deep elf sorcerer on level 3 of the Elven Halls)
 67138 | Elf:3    | Got a polished ring mail
 67149 | Elf:3    | Identified the +1 ring mail of the Lair of Beasts {*Drain Int+3 Slay+2 SInv} (You found it on level 3 of the Elven Halls)
 67158 | Elf:3    | Identified the Disquisition on Beguiling
 67171 | Elf:3    | Got a translucent arbalest
 67243 | Elf:3    | Gained mutation: You are partially covered in molten scales (AC +1). [potion of beneficial mutation]
 68570 | Vaults:1 | Found Jyruufil's Food Boutique.
 70159 | Vaults:2 | Reached XP level 21. HP: 134/148 MP: 12/35
 71094 | Vaults:3 | Received a gift from Sif Muna
 71097 | Vaults:3 | Identified Sif Muna's Volume of Feathery Confrontation (Sif Muna gifted it to you on level 3 of the Vaults)
 71369 | Vaults:3 | Found a staircase to the Crypt.
 71730 | Vaults:3 | Reached skill level 10 in Fighting
 72690 | D:10     | Killed Nergalle
 72799 | Orc:4    | Bought a manual of Dodging for 1656 gold pieces
 73098 | Vaults:4 | Found Ycosijul's Magic Scroll Boutique.
 73098 | Vaults:4 | Found Weziejux's Gadget Shop.
 73137 | Vaults:4 | Bought a scroll of blinking for 97 gold pieces
 73623 | Vaults:4 | Reached skill level 10 in Dodging
 74311 | Vaults:4 | Found an opulent altar of Gozag.
 75400 | Depths:1 | Entered Level 1 of the Depths
 76308 | Elf:3    | Learned a level 6 spell: Deflect Missiles
 76823 | Depths:1 | Reached skill level 1 in Air Magic
 76909 | Depths:1 | Reached skill level 1 in Charms
 77394 | Depths:2 | Reached XP level 22. HP: 157/161 MP: 25/38
 77444 | Depths:2 | Noticed Asterion
 77449 | Depths:2 | Found a gateway to Hell.
 77450 | Depths:2 | Killed Asterion
 77691 | Depths:2 | Reached skill level 5 in Charms
 77703 | Depths:2 | Received a gift from Sif Muna
 77706 | Depths:2 | Identified Sif Muna's Further Steps in Spellcraft (Sif Muna gifted it to you on level 2 of the Depths)
 77783 | Depths:2 | Reached skill level 5 in Air Magic
 78311 | Depths:2 | Found Oqonucidwa's Book Shoppe.
 78771 | Depths:3 | Noticed Mara
 78774 | Depths:3 | Killed Mara
 78959 | Depths:3 | Found a gateway to a ziggurat.
 79468 | D:9      | Learned a level 5 spell: Phase Shift
 79476 | D:9      | Learned a level 5 spell: Silence
 80051 | Depths:3 | Received a gift from Sif Muna
 80294 | Depths:3 | Reached skill level 5 in Translocations
 81082 | Depths:3 | Noticed a juggernaut
 81155 | Depths:3 | Reached skill level 1 in Hexes
 81239 | Depths:3 | Reached skill level 1 in Fire Magic
 81382 | Depths:3 | Killed a juggernaut
 81497 | Depths:3 | Reached skill level 5 in Armour
 81561 | Depths:3 | Paralysed by a sphinx for 3 turns
 81568 | Depths:3 | Reached XP level 23. HP: 131/167 MP: 2/39
 82153 | Depths:3 | Got a fine plate armour
 82358 | Depths:4 | Received a gift from Sif Muna
 82373 | Depths:4 | Identified Sif Muna's Tome of Attacks (Sif Muna gifted it to you on level 4 of the Depths)
 82507 | Depths:4 | Found Gozag's Antique Weapon Shoppe.
 82512 | Depths:4 | Found an opulent altar of Gozag.
 82571 | Depths:4 | Found Gozag's Antique Armour Shoppe.
 82903 | Depths:4 | Found Gozag's Assorted Antiques.
 82908 | Depths:4 | Found a one-way gate to the infinite horrors of the Abyss.
 83311 | Orc:3    | Bought the ring "Vunior" {rF++ Int+4} for 927 gold pieces
 84791 | Depths:5 | Entered Level 5 of the Depths
 85407 | Depths:5 | Received a gift from Sif Muna
 85416 | Depths:5 | Identified Sif Muna's Compendium of Excruciating Aid (Sif Muna gifted it to you on level 5 of the Depths)
 85919 | Depths:5 | Reached skill level 15 in Spellcasting
 86820 | Depths:5 | Learned a level 8 spell: Lehudib's Crystal Spear
 87348 | Depths:5 | Received a gift from Sif Muna
 87391 | Depths:5 | Found a gate to the Realm of Zot.
 87407 | Depths:5 | Identified Sif Muna's Incunabulum of Damage Dealing (Sif Muna gifted it to you on level 5 of the Depths)
 87616 | Depths:5 | Reached XP level 24. HP: 176/176 MP: 14/42
 87729 | D:15     | Reached skill level 21 in Earth Magic
 88088 | Slime:1  | Entered Level 1 of the Pits of Slime
 88457 | Slime:6  | Entered Level 6 of the Pits of Slime
 88765 | Slime:6  | Received a gift from Sif Muna
 89028 | Slime:6  | Identified Sif Muna's Papyrus of Bewitching Good Luck (Sif Muna gifted it to you on level 6 of the Pits of Slime)
 89260 | Slime:6  | Noticed the royal jelly
 89557 | Slime:6  | Killed the royal jelly
 90823 | Slime:6  | Got a slimy rune of Zot
 90825 | Slime:6  | Got an encrusted scimitar
 90908 | Slime:6  | Got an ancient ring mail
 90910 | Slime:6  | Identified the +4 ring mail of Xihuifiej {Str+4 Dex+6 Stlth+} (You found it on level 6 of the Pits of Slime)
 90964 | Slime:6  | Got a twisted rapier
 91038 | Slime:6  | Got a slimy triple crossbow
 91039 | Slime:6  | Identified the +9 triple crossbow of a volcano {venom, Int+7} (You found it on level 6 of the Pits of Slime)
 91674 | Depths:4 | Received a gift from Sif Muna
 91959 | Zot:1    | Entered Level 1 of the Realm of Zot
 93850 | Zot:3    | Reached XP level 25. HP: 156/186 MP: 0/43
 95790 | Zot:4    | Reached skill level 10 in Armour
 96550 | Zot:5    | Entered Level 5 of the Realm of Zot
 97352 | Zot:5    | Noticed an ancient lich
 97355 | Zot:5    | Killed an ancient lich
 97498 | Zot:5    | Noticed an ancient lich
 97516 | Zot:5    | Reached skill level 15 in Dodging
 97526 | Zot:5    | Killed an ancient lich
 97544 | Zot:5    | Noticed an orb of fire
 97556 | Zot:5    | Noticed an orb of fire
 97557 | Zot:5    | Killed an orb of fire
 97563 | Zot:5    | Killed an orb of fire
 97563 | Zot:5    | Reached skill level 15 in Fighting
 97727 | Zot:5    | Reached XP level 26. HP: 195/201 MP: 27/43
 97753 | Zot:5    | Noticed an orb of fire
 97762 | Zot:5    | Noticed an ancient lich
 97949 | Zot:4    | Noticed an orb of fire
 98041 | Zot:5    | Killed an ancient lich
 98481 | Zot:5    | Noticed an orb of fire
 98482 | Zot:5    | Killed an orb of fire
 98491 | Zot:5    | Killed an orb of fire
 99526 | Zot:5    | Noticed an ancient lich
 99530 | Zot:5    | Killed an ancient lich
 99543 | Zot:5    | Noticed an orb of fire
 99548 | Zot:5    | Killed an orb of fire
 99597 | Zot:5    | Got the Orb of Zot
 99850 | Depths:5 | Noticed Gutide the pandemonium lord
100518 | D:$      | Escaped with the Orb!

Action                   |  1- 3 |  4- 6 |  7- 9 | 10-12 | 13-15 | 16-18 | 19-21 | 22-24 | 25-27 || total
-------------------------+-------+-------+-------+-------+-------+-------+-------+-------+-------++-------
Melee: Unarmed           |    17 |       |       |       |       |       |       |       |       ||    17
       Short sword       |     1 |    20 |     8 |       |       |       |       |       |       ||    29
       Dagger            |       |       |       |     5 |    29 |       |       |       |       ||    34
       Glaive            |       |       |       |    44 |    95 |       |       |       |       ||   139
       Broad axe         |       |       |       |       |   597 |   432 |   859 |   723 |   204 ||  2815
       Staff             |       |       |       |       |       |     2 |    10 |    12 |    25 ||    49
Throw: Throwing net      |       |       |       |     1 |       |       |       |       |       ||     1
 Cast: Sandblast         |    57 |   164 |   173 |   279 |     1 |       |       |       |       ||   674
       Stone Arrow       |       |     4 |       |    98 |   567 |   140 |     3 |       |       ||   812
       Stoneskin         |       |       |     1 |     3 |       |     1 |       |       |       ||     5
       Lee's Rapid Decon |       |       |     6 |    61 |   241 |   128 |   244 |    59 |     6 ||   745
       Irradiate         |       |       |       |     5 |    34 |    23 |    10 |     5 |     1 ||    78
       Petrify           |       |       |       |     3 |    12 |       |       |       |       ||    15
       Blink             |       |       |       |     1 |     6 |    15 |     5 |     2 |       ||    29
       Iron Shot         |       |       |       |       |    23 |   214 |   358 |   503 |    30 ||  1128
       Bolt of Magma     |       |       |       |       |       |    12 |    14 |    35 |    10 ||    71
       Cure Poison       |       |       |       |       |       |       |     1 |       |       ||     1
       Deflect Missiles  |       |       |       |       |       |       |       |    10 |     5 ||    15
       Lehudib's Crystal |       |       |       |       |       |       |       |    66 |   200 ||   266
       Phase Shift       |       |       |       |       |       |       |       |     4 |     1 ||     5
Invok: Channel Energy    |       |       |       |    38 |   640 |   567 |   648 |   950 |   442 ||  3285
       Forget Spell      |       |       |       |       |       |       |       |     3 |       ||     3
Evoke: Wand              |       |     2 |     2 |     5 |    10 |    16 |     3 |    11 |    14 ||    63
  Use: Potion            |     2 |     9 |     8 |    39 |    84 |    62 |    64 |    54 |    46 ||   368
       Scroll            |       |     6 |     6 |    12 |    16 |    17 |    13 |    18 |     8 ||    96
 Stab: Sleeping          |       |       |       |       |     4 |     1 |     1 |     1 |       ||     7
       Distracted        |       |       |       |       |     1 |     2 |     1 |     1 |       ||     5
       Petrified         |       |       |       |       |     1 |       |       |       |       ||     1
       Invisible         |       |       |       |       |       |       |       |    23 |    29 ||    52
  Eat: Corpse            |       |       |       |     1 |       |       |       |       |       ||     1
